SNL (28 & UNDER)
SANTA FE DIABLOS @ GAINESVILLE GUIDOS
08/21/2030
 
TOP OF THE 1ST
Santa Fe Diablos batting - Pitching for Gainesville Guidos : RHP Jesús Cantú
Pitching: RHP Jesús Cantú
Batting: LHB David Hernández 0-0: Ball
1-0: Ball
2-0: Ball
3-0: Base on Balls
Batting: SHB Ángel Díaz 0-0: Swinging Strike
0-1: Ball
1-1: Foul Ball, location: 2F
1-2: Foul Ball, location: 2F
1-2: Foul Ball, location: 2F
1-2: Foul Ball, location: 2F
1-2: Foul Ball, location: 2F
1-2: SINGLE (Flyball, 89S)
David Hernández to second
Runner from 2nd tries for 3rd, SAFE, no throw
Batting: LHB Arturo Rodledo 0-0: Ball
1-0: Called Strike
1-1: Ball
2-1: Ball
3-1: Base on Balls
Ángel Díaz to second
Batting: RHB Bruce Foley 0-0: Called Strike
0-1: Foul Ball, location: 2F
0-2: Foul Ball, location: 2F
0-2: Grounds into double play, 6-4-3 (Groundball, 6)
David Hernández scores
Ángel Díaz to third
Batting: RHB Flint Todd 0-0: Ball
1-0: Ball
2-0: Ball
3-0: Base on Balls
Batting: RHB Frank Martínez 0-0: Ball
Flint Todd steals 2nd base
1-0: Foul Ball, location: 2F
1-1: Ball
2-1: Ball
3-1: Base on Balls
Batting: RHB Luis Mercado 0-0: Swinging Strike
0-1: Ball
1-1: Swinging Strike
1-2: Ball
2-2: Fly out, F8 (Flyball, 8LS)
Top of the 1st over - 1 run, 1 hit, 0 errors, 3 left on base; Santa Fe 1 - Gainesville 0
BOTTOM OF THE 1ST
Gainesville Guidos batting - Pitching for Santa Fe Diablos : RHP Hal Sutcliffe
Pitching: RHP Hal Sutcliffe
Batting: RHB León Reynoso 0-0: Ball
1-0: Ball
2-0: Called Strike
2-1: Fly out, F9 (Flyball, 9LSF)
Batting: RHB Doug Coleman 0-0: Ball
1-0: SINGLE (Line Drive, 5D)
Batting: RHB César Castillo 0-0: Ball
1-0: Swinging Strike
1-1: Ball
2-1: SINGLE (Line Drive, 6MD)
Doug Coleman to second
Batting: LHB Scott Young 0-0: Swinging Strike
0-1: Ball
1-1: Ball
2-1: Called Strike
2-2: Strikes out swinging
Batting: SHB José Sousa 0-0: Called Strike
0-1: Called Strike
0-2: SINGLE (Popup, 3D)
Doug Coleman to third
César Castillo to second
Runner from 3rd tries for Home, SAFE, throw made home
Batting: RHB James Morris 0-0: Called Strike
0-1: Ball
1-1: Foul Ball, location: 2F
1-2: Ball
2-2: Ball
3-2: Ground out 5-3 (Groundball, 56S)
Bottom of the 1st over - 1 run, 3 hits, 0 errors, 2 left on base; Santa Fe 1 - Gainesville 1
TOP OF THE 2ND
Santa Fe Diablos batting - Pitching for Gainesville Guidos : RHP Jesús Cantú
Batting: LHB Luis Gallegos 0-0: Foul Ball, location: 2F
0-1: Swinging Strike
0-2: Foul Ball, location: 2F
0-2: Foul Ball, location: 2F
0-2: Ball
1-2: Ball
2-2: Ball
3-2: Strikes out swinging
Batting: SHB Ed Dundee 0-0: Swinging Strike
0-1: Ball
1-1: Ball
2-1: Ground out 3-1 (Groundball, 34)
Batting: LHB David Hernández 0-0: Called Strike
0-1: Foul Ball, location: 2F
0-2: SINGLE (Flyball, 78S)
Batting: SHB Ángel Díaz 0-0: Ball
1-0: Ball
2-0: SINGLE (Groundball, 2R) (infield hit)
David Hernández to second
Batting: LHB Arturo Rodledo 0-0: Foul Ball, location: 2F
0-1: Ball
Wild Pitch!
David Hernández to third
Ángel Díaz to second
1-1: Ball
2-1: Foul Ball, location: 2F
2-2: Foul Ball, location: 2F
2-2: Strikes out swinging
Top of the 2nd over - 0 runs, 2 hits, 0 errors, 2 left on base; Santa Fe 1 - Gainesville 1
BOTTOM OF THE 2ND
Gainesville Guidos batting - Pitching for Santa Fe Diablos : RHP Hal Sutcliffe
Batting: RHB Dave Marshall 0-0: Called Strike
0-1: Called Strike
0-2: Strikes out swinging
Batting: LHB Robbie Turner 0-0: SINGLE (Line Drive, 3D)
Batting: RHB Ricardo Medina 0-0: Ball
1-0: Fly out, F5 (Popup, 5SF)
Batting: RHB León Reynoso 0-0: Called Strike
0-1: Ball
1-1: Ball
2-1: Foul Ball, location: 2F
2-2: Strikes out swinging
Bottom of the 2nd over - 0 runs, 1 hit, 0 errors, 1 left on base; Santa Fe 1 - Gainesville 1
TOP OF THE 3RD
Santa Fe Diablos batting - Pitching for Gainesville Guidos : RHP Jesús Cantú
Batting: RHB Bruce Foley 0-0: Foul Ball, location: 2F
0-1: Swinging Strike
0-2: Strikes out swinging
Batting: RHB Flint Todd 0-0: Called Strike
0-1: Foul Ball, location: 2F
0-2: Strikes out swinging
Batting: RHB Frank Martínez 0-0: Foul Ball, location: 2F
0-1: Called Strike
0-2: Foul Ball, location: 2F
0-2: Foul Ball, location: 2F
0-2: Ball
1-2: Strikes out looking
Top of the 3rd over - 0 runs, 0 hits, 0 errors, 0 left on base; Santa Fe 1 - Gainesville 1
BOTTOM OF THE 3RD
Gainesville Guidos batting - Pitching for Santa Fe Diablos : RHP Hal Sutcliffe
Batting: RHB Doug Coleman 0-0: Foul Ball, location: 2F
0-1: Called Strike
0-2: SINGLE (Line Drive, 78S)
Batting: RHB César Castillo 0-0: Called Strike
0-1: Ball
1-1: Ball
2-1: Fly out, F7 (Flyball, 7LSF)
Batting: LHB Scott Young 0-0: Ball
1-0: Swinging Strike
1-1: Called Strike
1-2: Ball
2-2: Foul Ball, location: 2F
2-2: Fly out, F8 (Flyball, 78D)
Batting: SHB José Sousa 0-0: Ball
1-0: SINGLE (Line Drive, 9S)
Doug Coleman to second
Runner from 2nd tries for 3rd, SAFE, no throw
Batting: RHB James Morris 0-0: Called Strike
0-1: Ball
1-1: Ball
2-1: Ball
3-1: Called Strike
3-2: Ground out 6-3 (Groundball, 6)
Bottom of the 3rd over - 0 runs, 2 hits, 0 errors, 2 left on base; Santa Fe 1 - Gainesville 1
TOP OF THE 4TH
Santa Fe Diablos batting - Pitching for Gainesville Guidos : RHP Jesús Cantú
Batting: RHB Luis Mercado 0-0: Fly out, F5 (Popup, 6MS)
Batting: LHB Luis Gallegos 0-0: Called Strike
0-1: Ball
1-1: Called Strike
1-2: Ball
2-2: Strikes out swinging
Batting: SHB Ed Dundee 0-0: Called Strike
0-1: Called Strike
0-2: SINGLE (Line Drive, 34)
Batting: LHB David Hernández 0-0: Called Strike
0-1: Called Strike
0-2: Ball
Ed Dundee steals 2nd base
1-2: Ball
2-2: Ball
3-2: Base on Balls
Batting: SHB Ángel Díaz 0-0: Called Strike
0-1: Foul Ball, location: 2F
0-2: Strikes out swinging
Top of the 4th over - 0 runs, 1 hit, 0 errors, 2 left on base; Santa Fe 1 - Gainesville 1
BOTTOM OF THE 4TH
Gainesville Guidos batting - Pitching for Santa Fe Diablos : RHP Hal Sutcliffe
Batting: RHB Dave Marshall 0-0: Ball
1-0: Foul Ball, location: 2F
1-1: Swinging Strike
1-2: Foul Ball, location: 2F
1-2: Strikes out swinging
Batting: LHB Robbie Turner 0-0: Ball
1-0: Called Strike
1-1: Foul Ball, location: 2F
1-2: Foul Ball, location: 2F
1-2: SINGLE (Groundball, 6D)
Batting: RHB Ricardo Medina 0-0: Foul Ball, location: 2F
0-1: Ball
1-1: Ball
2-1: Foul Ball, location: 2F
2-2: Strikes out swinging
Robbie Turner steals 2nd base
Batter strikes out.
Batting: RHB León Reynoso 0-0: Fly out, F9 (Flyball, 9LM)
Bottom of the 4th over - 0 runs, 1 hit, 0 errors, 1 left on base; Santa Fe 1 - Gainesville 1
TOP OF THE 5TH
Santa Fe Diablos batting - Pitching for Gainesville Guidos : RHP Jesús Cantú
Batting: LHB Arturo Rodledo 0-0: Fly out, F8 (Flyball, 8LM)
Batting: RHB Bruce Foley 0-0: Ball
1-0: Foul Ball, location: 2F
1-1: Ball
2-1: SOLO HOME RUN (Flyball, 78XD), Distance : 393 ft
Batting: RHB Flint Todd 0-0: Called Strike
0-1: Swinging Strike
0-2: Foul Ball, location: 2F
0-2: Strikes out swinging
Batting: RHB Frank Martínez 0-0: Fly out, F7 (Line Drive, 7)
Top of the 5th over - 1 run, 1 hit, 0 errors, 0 left on base; Santa Fe 2 - Gainesville 1
BOTTOM OF THE 5TH
Gainesville Guidos batting - Pitching for Santa Fe Diablos : RHP Hal Sutcliffe
Batting: RHB Doug Coleman 0-0: Ball
1-0: Ball
2-0: Called Strike
2-1: Fly out, F7 (Flyball, 7LSF)
Batting: RHB César Castillo 0-0: Ball
1-0: Fly out, F3 (Popup, 3F)
Batting: LHB Scott Young 0-0: Ball
1-0: Ball
2-0: Called Strike
2-1: Ball
3-1: Base on Balls
Batting: SHB José Sousa 0-0: Called Strike
0-1: Fly out, F7 (Line Drive, 7D)
Bottom of the 5th over - 0 runs, 0 hits, 0 errors, 1 left on base; Santa Fe 2 - Gainesville 1
TOP OF THE 6TH
Santa Fe Diablos batting - Pitching for Gainesville Guidos : RHP Jesús Cantú
Pitching: RHP Tim Lyons
Batting: RHB Luis Mercado 0-0: Ball
1-0: Foul Ball, location: 2F
1-1: Foul Ball, location: 2F
1-2: DOUBLE (Line Drive, 78D)
Batting: LHB Luis Gallegos 0-0: Ball
1-0: Foul Ball, location: 2F
1-1: Ball
Luis Mercado steals 3rd base
2-1: Ball
3-1: Foul Ball, location: 2F
3-2: Strikes out looking
Batting: SHB Ed Dundee 0-0: Ball
1-0: DOUBLE (Line Drive, 89D)
Luis Mercado scores
Batting: LHB David Hernández 0-0: Ball
Ed Dundee is caught stealing 3rd base
1-0: Called Strike
1-1: Ball
2-1: Ball
3-1: Base on Balls
Batting: SHB Ángel Díaz 0-0: Called Strike
David Hernández steals 2nd base
0-1: Ball
1-1: Called Strike
1-2: Ball
2-2: Foul Ball, location: 2F
2-2: Ground out 5-3 (Groundball, 5)
Top of the 6th over - 1 run, 2 hits, 0 errors, 1 left on base; Santa Fe 3 - Gainesville 1
BOTTOM OF THE 6TH
Gainesville Guidos batting - Pitching for Santa Fe Diablos : RHP Hal Sutcliffe
Batting: RHB James Morris 0-0: Ball
1-0: Foul Ball, location: 2F
1-1: Called Strike
1-2: Ground out 6-3 (Groundball, 56)
Batting: RHB Dave Marshall 0-0: Swinging Strike
0-1: Ball
1-1: Ball
2-1: Swinging Strike
2-2: Ball
3-2: Hit by Pitch
Batting: LHB Robbie Turner 0-0: Fly out, F9 (Line Drive, 9)
Batting: RHB Ricardo Medina 0-0: Called Strike
0-1: SINGLE (Groundball, 56S) (infield hit)
Dave Marshall to second
Batting: RHB León Reynoso 0-0: Called Strike
0-1: Swinging Strike
0-2: Fly out, F8 (Flyball, 89D)
Bottom of the 6th over - 0 runs, 1 hit, 0 errors, 2 left on base; Santa Fe 3 - Gainesville 1
TOP OF THE 7TH
Santa Fe Diablos batting - Pitching for Gainesville Guidos : RHP Tim Lyons
Pitching: LHP Anthony Robinson
Batting: LHB Arturo Rodledo 0-0: Ball
1-0: Called Strike
1-1: Called Strike
1-2: Ball
2-2: Strikes out looking
Pitching: RHP Larry Bischoff
Batting: RHB Bruce Foley 0-0: Called Strike
0-1: Ball
1-1: Fly out, F8 (Flyball, 8LD)
Batting: RHB Flint Todd 0-0: Ball
1-0: Ball
2-0: Called Strike
2-1: Foul Ball, location: 2F
2-2: Ball
3-2: Ground out 6-3 (Groundball, 6)
Top of the 7th over - 0 runs, 0 hits, 0 errors, 0 left on base; Santa Fe 3 - Gainesville 1
BOTTOM OF THE 7TH
Gainesville Guidos batting - Pitching for Santa Fe Diablos : RHP Hal Sutcliffe
Pitching: RHP Ted Stuart
Now at C: Nate Atkinson
Now in CF: Carl O'Dell
Batting: RHB Doug Coleman 0-0: Called Strike
0-1: Fly out, F8 (Flyball, 8LS)
Batting: RHB César Castillo 0-0: Called Strike
0-1: Ball
1-1: Ball
2-1: Called Strike
2-2: Foul Ball, location: 2F
2-2: Fly out, F8 (Flyball, 8RS)
Batting: LHB Scott Young 0-0: Called Strike
0-1: Ball
1-1: Foul Ball, location: 2F
1-2: Ball
2-2: Fly out, F7 (Flyball, 7S)
Bottom of the 7th over - 0 runs, 0 hits, 0 errors, 0 left on base; Santa Fe 3 - Gainesville 1
TOP OF THE 8TH
Santa Fe Diablos batting - Pitching for Gainesville Guidos : RHP Larry Bischoff
Batting: RHB Frank Martínez 0-0: Called Strike
0-1: Ball
1-1: Swinging Strike
1-2: Ground out 6-3 (Groundball, 6)
Batting: RHB Luis Mercado 0-0: Ball
1-0: Ball
2-0: Ball
3-0: Base on Balls
Batting: LHB Luis Gallegos 0-0: Ball
Luis Mercado is caught stealing 2nd base
1-0: Called Strike
1-1: Called Strike
1-2: Ball
2-2: Foul Ball, location: 2F
2-2: Strikes out swinging
Top of the 8th over - 0 runs, 0 hits, 0 errors, 0 left on base; Santa Fe 3 - Gainesville 1
BOTTOM OF THE 8TH
Gainesville Guidos batting - Pitching for Santa Fe Diablos : RHP Ted Stuart
Now in LF: Luis Torres
Now in RF: Pancho Vásquez
Batting: SHB José Sousa 0-0: Ball
1-0: Ground out 5-3 (Groundball, 56)
Batting: RHB James Morris 0-0: Called Strike
0-1: Ball
1-1: Foul Ball, location: 2F
1-2: Ball
2-2: Strikes out swinging
Batting: RHB Dave Marshall 0-0: Ball
1-0: Called Strike
1-1: Ball
2-1: Ball
3-1: Swinging Strike
3-2: Foul Ball, location: 2F
3-2: Foul Ball, location: 2F
3-2: Foul Ball, location: 2F
3-2: Strikes out swinging
Bottom of the 8th over - 0 runs, 0 hits, 0 errors, 0 left on base; Santa Fe 3 - Gainesville 1
TOP OF THE 9TH
Santa Fe Diablos batting - Pitching for Gainesville Guidos : RHP Larry Bischoff
Batting: SHB Pancho Vásquez 0-0: Called Strike
0-1: Called Strike
0-2: Foul Ball, location: 2F
0-2: Ball
1-2: Strikes out swinging
Batting: LHB David Hernández 0-0: DOUBLE (Flyball, 89D)
Batting: RHB Carl O'Dell 0-0: Called Strike
0-1: Ball
David Hernández steals 3rd base
1-1: Ball
2-1: Swinging Strike
2-2: Foul Ball, location: 2F
2-2: Ball
3-2: Strikes out swinging
Batting: LHB Arturo Rodledo 0-0: Called Strike
0-1: Swinging Strike
0-2: Strikes out swinging
Top of the 9th over - 0 runs, 1 hit, 0 errors, 1 left on base; Santa Fe 3 - Gainesville 1
BOTTOM OF THE 9TH
Gainesville Guidos batting - Pitching for Santa Fe Diablos : RHP Ted Stuart
Pitching: RHP George Gore
Batting: LHB Robbie Turner 0-0: Foul Ball, location: 2F
0-1: Swinging Strike
0-2: Ground out 1-3 (Groundball, 13S)
Batting: RHB Ricardo Medina 0-0: Called Strike
0-1: Foul Ball, location: 2F
0-2: Ball
1-2: Ball
2-2: Strikes out swinging
Batting: RHB León Reynoso 0-0: Ground out 4-3 (Groundball, 4)
Bottom of the 9th over - 0 runs, 0 hits, 0 errors, 0 left on base; Santa Fe 3 - Gainesville 1
Saturday, April 7th, 2018 - OOTP Baseball 18.8 Build 76